 Dungeon Crawl Stone Soup version 0.31-a0-7-g51783674b7 (webtiles) character file.

Game seed: 6324688690492693188

207 mopl the Chopper (level 6, 0/41 (44) HPs)
             Began as a Formicid Warper on May 5, 2023.
             Slain by a killer bee (6 damage)
             ... on level 4 of the Dungeon.
             The game lasted 00:02:54 (1863 turns).

mopl the Chopper (Formicid Warper)                  Turns: 1863, Time: 00:02:55

HP:   0/41 (44)     AC:  3    Str: 16    XL:     6   Next: 10%
MP:   9/9           EV: 11    Int: 14    God:
Gold: 146           SH:  0    Dex: 13    Spells: 9/9 levels left

rFire   . . .        k - +1 whip (vamp)
rCold   . . .        l - orb {light}
rNeg    . . .        b - +0 leather armour
rPois   .            (helmet unavailable)
rElec   .            (no cloak)
rCorr   .            (no gloves)
SInv    +            (no boots)
Will    .....        (no amulet)
Stlth   +            (no ring)
HPRegen 0.26/turn    (no ring)
MPRegen 0.11/turn

%: no passive effects
@: glowing, drained
A: permanent stasis, dig shafts and tunnels, antennae 3, four strong arms
a: Dig, Shaft Self


You were on level 4 of the Dungeon.
You visited 1 branch of the dungeon, and saw 4 of its levels.

You collected 146 gold pieces.

Inventory:

Hand Weapons
 a - a +0 hand axe
 f - a +1 spear of freezing
 k - a +1 vampiric whip (weapon)
 s - a +2 mace of holy wrath
Missiles
 d - 7 boomerangs of dispersal
 e - 10 poisoned darts (quivered)
 j - 6 javelins
 m - 3 silver javelins
Armour
 b - a +0 leather armour (worn)
 l - an orb of light (worn)
 p - a +0 chain mail
Scrolls
 c - a scroll of blinking
 n - 4 scrolls of identify {unknown}
 o - 2 scrolls of noise {unknown}
 t - a scroll of brand weapon {unknown}
 w - a scroll of teleportation {unknown}
Potions
 g - 2 potions of curing
 h - 2 potions of lignification {unknown}
 i - a potion of magic {unknown}
 q - a potion of attraction {unknown}
 r - 2 potions of brilliance {unknown}
 u - a potion of cancellation {unknown}
 v - a potion of invisibility {unknown}


   Skills:
 - Level 2.1 Fighting
 * Level 4.9 Axes
 - Level 1.0 Throwing
 - Level 1.1 Armour
 - Level 1.7 Dodging
 - Level 2.1 Spellcasting
 + Level 3.9 Translocations


You had 9 spell levels left.
You didn't know any spells.
Your spell library contained the following spells:

 Spells                   Type           Power      Damage    Failure   Level
 Lesser Beckoning         Tloc           24%        N/A       9%          2
 Teleport Other           Tloc           12%        N/A       17%         3
 Momentum Strike          Conj/Tloc      14%        3d8       19%         2
 Beastly Appendage        Tmut           2%         N/A       28%         1
 Sublimation of Blood     Necr           1%         N/A       41%         2
 Wereblood                Tmut           1%         N/A       41%         2
 Manifold Assault         Tloc           12%        N/A       50%         4
 Ignite Poison            Fire/Tmut/Pois 1%         N/A       65%         3
 Spider Form              Tmut/Pois      1%         N/A       65%         3
 Petrify                  Tmut/Erth      1%         N/A       96%         4
 Sticky Flame             Conj/Fire      1%         2d3       96%         4
 Irradiate                Conj/Tmut      0%         3d11      100%        5
 Ignition                 Fire           0%         3d3       100%        8
 Blink                    Tloc           Unusable   N/A       N/A         2
 Vhi's Electric Charge    Tloc/Air       Unusable   N/A       N/A         3

Dungeon Overview and Level Annotations

Branches:
Dungeon (4/15)
 Temple: D:4-7

Altars:


Innate Abilities, Weirdness & Mutations

You cannot be hasted, slowed, berserked, paralysed or teleported.
You can dig through walls and to a lower floor.
You have a pair of large antennae on your head. (SInv)
Your four strong arms can wield two-handed weapons with a shield.


Message History

A ball python comes into view.
The ball python hisses angrily.
You see here 18 gold pieces.
You now have 146 gold pieces (gained 18).
You hit the ball python.
The ball python is heavily wounded.
The ball python bites you.
* * * LOW HITPOINT WARNING * * *
The ball python grabs you. The ball python constricts you.
* * * LOW HITPOINT WARNING * * *
You hit the ball python.
You kill the ball python!
You see here a ball python corpse.
Found a spear.
An adder comes into view.
The adder hisses angrily.
A killer bee comes into view.
The killer bee buzzes angrily.
You hear an angry buzzing noise. x2
A killer bee comes into view.
A killer bee comes into view.
It was a potion of curing.
You feel better.
A killer bee comes into view.
The adder closely misses you.
You extend your mandibles.
You dig through the rock wall.
You feel drained. The killer bee stings you!
You are poisoned.
The killer bee poisons you!
Unknown command.
You retract your mandibles.
You barely miss the killer bee.
You feel sick. The killer bee stings you.
* * * LOW HITPOINT WARNING * * *
You are lethally poisoned!
The killer bee poisons you! The killer bee stings you!
* * * LOW HITPOINT WARNING * * *
You are more poisoned.
The killer bee poisons you!
You feel better. The killer bee stings you.
* * * LOW HITPOINT WARNING * * *
The killer bee stings you.
You die...

..#.............###
###.............###
#####..........
#..######..
#..###### .
##........
#...###### ###
##.....#
#@####...##.#
..######y.....##
..# .y.y.{{.S##...#
..# ..########...##
#.# #..... .#
..S#).# ....#..#
..#..#..# ..#..####


You could see a killer bee and an adder.

Vanquished Creatures
  A vampire bat (D:3)
  3 adders
  3 worms
  3 dart slugs
  3 fire bats (D:3)
  2 spectral bats (D:3)
  5 ball pythons
  10 bats
  A bat simulacrum (D:3)
  3 bat skeletons (D:3)
  A bat zombie (D:3)
  5 endoplasms
  2 giant cockroaches (D:2)
  4 goblins
  3 hobgoblins
  2 quokkas (D:2)
  2 frilled lizards
  3 kobolds
  2 rats (D:2)
58 creatures vanquished.

Notes
Turn   | Place    | Note
-------+----------+-------------------------------------------
     0 | D:1      | mopl the Formicid Warper began the quest for the Orb.
     0 | D:1      | Reached XP level 1. HP: 16/16 MP: 3/3
   351 | D:1      | Reached XP level 2. HP: 17/22 MP: 5/5
   694 | D:2      | Reached skill level 3 in Axes
   694 | D:2      | Reached skill level 3 in Translocations
   694 | D:2      | Reached XP level 3. HP: 20/27 MP: 6/6
   855 | D:2      | Reached XP level 4. HP: 23/33 MP: 7/7
  1427 | D:3      | Reached skill level 4 in Axes
  1427 | D:3      | Reached XP level 5. HP: 38/38 MP: 8/8
  1629 | D:3      | Reached XP level 6. HP: 37/43 MP: 9/9
  1712 | D:3      | Found a faded altar of an unknown god.
  1768 | D:3      | You fall into a shaft and drop 1 floor!
  1862 | D:4      | HP: 2/41 [killer bee (7)]
  1863 | D:4      | Slain by a killer bee

Illustrated notes

Levels and vault maps discovered:
D:1:      eino_arrival_cavern_e, layout_loops_cross, minmay_crystal_room,
          supply_closet_lemuel
D:2:      layout_loops_ring
D:3:      layout_basic, ebering_ecumenical_altar_abandoned, goddamned_bats
D:4:      layout_rooms, serial_shops, nicolae_shop_tiny_glass,
          portal_sewer_entry_b, hangedman_abyss_or_decor_stagger

Skill      XL: |  1  2  3  4 |
---------------+-------------+-----
Axes           | 3 4 |  4.9
Translocations | 3 |  3.9
Fighting       | |  2.1
Throwing       | |  1.0
Armour         | |  1.1
Dodging        | |  1.7
Spellcasting   | |  2.1

Action                     |  1- 3 |  4- 6 || total
---------------------------+-------+-------++-------
  Melee: Hand axe          |    26 |       ||    26
         Whip              |    51 |   152 ||   203
Ability: Dig               |       |     1 ||     1
         Shaft Self        |       |     1 ||     1
    Use: Potion            |       |     2 ||     2
 Armour: Leather armour    |    22 |    90 ||   112
  Dodge: Dodged            |    48 |   151 ||   199

Table legend: (Time is in decaauts)
 A = Elapsed time spent in this place.
 B = Non-inter-level travel time spent in this place.
 C = Inter-level travel time spent in this place.
 D = Time resting spent in this place.
 E = Time spent auto-exploring this place.
 F = Levels seen in this place.
 G = Mean time per level.
                   A        B        C        D        E       F      G
               +--------+--------+--------+--------+--------+-----+--------+
         Total |   1864 |   1822 |     42 |    161 |   1129 |   4 |  466.0 |
       Dungeon |   1864 |   1822 |     42 |    161 |   1129 |   4 |  466.0 |
               +--------+--------+--------+--------+--------+-----+--------+

Top non-repeatable levels by time:
     D:2: 709 daAuts
     D:1: 632 daAuts
     D:3: 428 daAuts
     D:4: 93 daAuts
